 Dungeon Crawl Stone Soup version 0.20.0-10-g0535bb4 (webtiles) character file.

60 grindst0ne the Covert (level 3, 0/27 HPs)
             Began as a Vampire Assassin on June 7, 2017.
             Slain by an adder (5 damage)
             ... on level 2 of the Dungeon.
             The game lasted 00:02:47 (839 turns).

grindst0ne the Covert (Vampire Assassin)             Turns: 839, Time: 00:02:48

Health: 0/27       AC:  4    Str: 10    XL:     3   Next: 82%
Magic:  3/3        EV: 12    Int: 13    God:
Gold:   92         SH:  0    Dex: 16    Spells: 2/2 levels left

rFire    . . .     SeeInvis +   a - +2 dagger
rCold    . . .     Gourm    .   (no shield)
rNeg     + . .     Faith    .   q - +1 robe {MR+}
rPois    .         Spirit   .   (no helmet)
rElec    .         Reflect  .   d - +0 cloak
rCorr    .         Harm     .   (no gloves)
MR       +....                  (no boots)
Stlth    ++++......             (no amulet)
Regen    0.1/turn               (no ring)
MPRegen  0.1/turn               (no ring)

@: lethally poisoned (0 -> -2)
A: fangs 3, see invisible, unbreathing
a: Bat Form


You were on level 2 of the Dungeon.
You were not thirsty.

You visited 1 branch of the dungeon, and saw 2 of its levels.

You collected 92 gold pieces.

Inventory:

Hand Weapons
 a - a +2 dagger (weapon)
 b - a +0 blowgun
Missiles
 e - 8 poisoned needles
 f - 2 curare-tipped needles
Armour
 c - a +0 robe
 d - a +0 cloak (worn)
 h - a +0 chain mail
 q - a +1 robe of magic resistance (worn)
Jewellery
 t - an uncursed ring of wizardry {unknown}
Scrolls
 j - 2 scrolls of identify {unknown}
 k - a scroll of blinking {unknown}
 n - a scroll of teleportation {unknown}
 o - a scroll of recharging {unknown}
 r - a scroll of fog {unknown}
 u - a scroll of random uselessness {unknown}
Potions
 g - 5 potions of blood
 i - a potion of curing {unknown}
 l - a potion of heal wounds {unknown}
 m - a potion of flight {unknown}
 p - a potion of lignification {unknown}
 s - a potion of invisibility {unknown}


   Skills:
 - Level 1.7 Fighting
 - Level 2.1 Short Blades
 - Level 1.5 Throwing
 - Level 1.1 Dodging
 + Level 8.3 Stealth


You had 2 spell levels left.
You didn't know any spells.

Dungeon Overview and Level Annotations

Branches:
Dungeon (2/15)

Altars:


Innate Abilities, Weirdness & Mutations

You have razor-sharp teeth.
You have supernaturally acute eyesight. (SInv)
You can survive without breathing.


Message History

The adder closely misses you.
You feel sick. The adder closely misses you.
You feel sick. The adder barely misses you.
You feel sick. The adder bites you but does no damage.
You feel sick.
You are no longer poisoned.
The adder closely misses you. The adder bites you but does no damage.
The adder bites you.
You are poisoned.
The adder poisons you!
You feel sick. The adder bites you.
* * * LOW HITPOINT WARNING * * *
You feel sick. The adder bites you.
You die...

#.# #.####...###.#####.##.## #.
...# ##.#.# #............ #####
##### #.###.#######.####.#
....##.# ##.#.## #%# #%# ###.##.#
#...# #.# #.# .##.##.# #...# #.#
#.# )......###### #...# #.# #.#
###.##......####<#########.####..
###.##.#......##@# #...g.........
....##.#.......S.# #g#####.######
####........#g#### #.# #.#
#.#......#.######.# #.#
#.##..#...........# #.#
#.#...#.##.######## #.#
#.#.#.........# ######.#
#.#.###.#####.####......#
#.......# #.....##.######


You could see an adder and a goblin.

Vanquished Creatures
  Jessica (D:2)
  An adder (D:2)
  A worm (D:2)
  A dart slug (D:2)
  5 goblins
  3 hobgoblins (D:1)
  2 kobolds (D:1)
  2 bats (D:1)
  A frilled lizard (D:1)
  5 rats (D:1)
22 creatures vanquished.

Notes
Turn   | Place    | Note
-------+----------+-------------------------------------------
     0 | D:1      | grindst0ne the Vampire Assassin began the quest for the Orb.
     0 | D:1      | Reached XP level 1. HP: 16/16 MP: 1/1
     9 | D:1      | Reached skill level 6 in Stealth
   161 | D:1      | Reached XP level 2. HP: 20/22 MP: 2/2
   524 | D:2      | Reached skill level 7 in Stealth
   554 | D:2      | Noticed Jessica
   557 | D:2      | Killed Jessica
   557 | D:2      | Reached skill level 8 in Stealth
   557 | D:2      | Reached XP level 3. HP: 27/27 MP: 3/3
   839 | D:2      | Slain by an adder

Skill      XL: |  1  2 |
---------------+-------+-----
Stealth        | 6 8 |  8.3
Fighting       | |  1.7
Short Blades   | |  2.1
Throwing       | |  1.5
Dodging        | |  1.1

Action                   || total
-------------------------++-------
Melee: Dagger            ||    33
       Bite              ||     2
 Stab: Sleeping          ||    16
       Distracted        ||     1
Armor: Robe              ||     7
Dodge: Dodged            ||    17
